 Dungeon Crawl Stone Soup version 0.29-a0-802-g34511f41fd (webtiles) character file.

Game seed: 9393551029514753884

59 purpskrrrp the Covert (level 4, -6/39 HPs)
             Began as a Naga Brigand on July 3, 2022.
             Was an Initiate of Gozag.
             Killed by divine providence
             ... invoked by an orc priest
              (10 damage)
             ... on level 3 of the Dungeon.
             The game lasted 00:05:28 (1379 turns).

purpskrrrp the Covert (Naga Brigand)                Turns: 1379, Time: 00:05:28

Health: -6/39      AC:  3    Str: 14    XL:     4   Next: 3%
Magic:  4/4        EV:  9    Int: 11    God:    Gozag
Gold:   123        SH:  0    Dex: 14    Spells: 3/3 levels left

rFire   . . .      SeeInvis +   a - +2 dagger
rCold   . . .      Faith    .   (no shield)
rNeg    . . .      Spirit   .   b - +0 robe
rPois   +          Reflect  .   (no helmet)
rElec   .          Harm     .   c - +0 cloak
rCorr   .          Rampage  .   (no gloves)
Will    .....                   (no barding)
Stlth   ++++......              (no amulet)
HPRegen 0.13/turn               (no ring)
MPRegen 0.09/turn               (no ring)

@: very slow
A: AC +1, large, see invisible, deformed body, poison resistance, slowness 2,
spit poison 1, naga tail 1
a: Spit Poison, Renounce Religion, Potion Petition, Call Merchant, Bribe Branch


You were on level 3 of the Dungeon.
You worshipped Gozag.
Gozag was aware of your devotion.
You visited 1 branch of the dungeon, and saw 3 of its levels.

You collected 138 gold pieces.
You paid 15 gold pieces to Gozag.

Inventory:

Hand Weapons
 a - a +2 dagger (weapon)
 i - a +0 spear
Missiles
 d - 9 poisoned darts (quivered)
 e - 3 curare-tipped darts
Armour
 b - a +0 robe (worn)
 c - a +0 cloak (worn)
Scrolls
 g - a scroll of fog
 h - a scroll of blinking {unknown}
Potions
 f - a potion of curing {unknown}
 k - a potion of might {unknown}


   Skills:
 + Level 2.0 Fighting
 + Level 2.0 Short Blades
 + Level 2.0 Throwing
 - Level 0.7 Dodging
 * Level 8.0 Stealth


You had 3 spell levels left.
You didn't know any spells.
Your spell library was empty.

Dungeon Overview and Level Annotations

Branches:
Dungeon (3/15)

Altars:
Gozag


Innate Abilities, Weirdness & Mutations

Your serpentine skin is tough. (AC +1)
You have supernaturally acute eyesight. (SInv)
Armour fits poorly on your strangely shaped body.
Your system is resistant to poisons. (rPois)
You cover ground very slowly.
You can spit poison.
You have a snake-like lower body.


Message History

Pain shoots through your body!
The orc priest hits you with a +0 hand axe.
The orc priest barely misses you.
You see here 8 gold pieces.
You hit the orc priest.
The orc priest is moderately wounded.
The orc priest hits you with a +0 hand axe.
You barely miss the orc priest.
The orc priest is moderately wounded.
The orc priest hits you with a +0 hand axe.
You barely miss the orc priest.
The orc priest is moderately wounded.
The orc priest hits you with a +0 hand axe.
* * * LOW HITPOINT WARNING * * *
You hit the orc priest.
The orc priest is moderately wounded.
You barely miss the orc priest.
The orc priest is moderately wounded.
The orc priest closely misses you.
As you read the scroll of fog, it crumbles to dust.
The scroll dissolves into smoke.
The orc priest hits you with a +0 hand axe.
* * * LOW HITPOINT WARNING * * *
You barely miss the orc priest.
The orc priest is moderately wounded.
The orc priest mumbles some strange prayers to Beogh against you.
Pain shoots through your body!
* * * LOW HITPOINT WARNING * * *
You hit the orc priest.
The orc priest is moderately wounded.
The orc priest barely misses you.
You hit the orc priest but do no damage.
The orc priest is moderately wounded.
The orc priest looks satisfied for a moment.
You hit the orc priest.
The orc priest is heavily wounded.
The orc priest mumbles some strange prayers to Beogh against you.
Beogh smites you!
You die...
Your body crumbles into a pile of gold.

#..# #......# #..#
#......# #.
#..######......###
#.
#..(....'.........
#o
#.#######......###
. #.##.# #......#
... ..#§# #......#
....###.#§#
#......#
........#@#
#......# #....§§o#
######## #....§§§#
#.......#
#.......#
###....>. #.......
#..(.....
....#.....


You could see an orc priest.

Vanquished Creatures
  3 adders (D:2)
  A worm (D:2)
  A dart slug (D:2)
  3 bats
  An endoplasm (D:3)
  3 giant cockroaches
  3 goblins
  A hobgoblin (D:3)
  3 jackals (D:2)
  3 kobolds (D:2)
  A quokka (D:3)
  2 frilled lizards
  A rat (D:2)
26 creatures vanquished.

Notes
Turn   | Place    | Note
-------+----------+-------------------------------------------
     0 | D:1      | purpskrrrp the Naga Brigand began the quest for the Orb.
     0 | D:1      | Reached XP level 1. HP: 19/19 MP: 1/1
    23 | D:1      | You fall into a shaft and drop 1 floor!
    50 | D:2      | Reached skill level 6 in Stealth
    69 | D:2      | Reached XP level 2. HP: 12/26 MP: 2/2
   335 | D:2      | Reached skill level 7 in Stealth
   339 | D:2      | Reached XP level 3. HP: 32/32 MP: 3/3
   486 | D:2      | Found an opulent altar of Gozag.
   498 | D:2      | Became a worshipper of Gozag Ym Sagoz the Greedy
  1366 | D:3      | Reached skill level 8 in Stealth
  1366 | D:3      | Reached XP level 4. HP: 29/39 MP: 4/4
  1379 | D:3      | Killed from afar by an orc priest

Illustrated notes

Levels and vault maps discovered:
D:1:      mrwooster_arrival_statue, layout_basic,
          hellmonk_ecumenical_altar_watching_god, serial_forest,
          infiniplex_forest_end_3, infiniplex_forest_clump_double,
          infiniplex_forest_lined_2, infiniplex_forest_end_double,
          infiniplex_forest_side_room, infiniplex_forest_clump_small
D:2:      layout_loops_ring, basic_altar
D:3:      layout_basic, chequers_temple_overflow_minitemple, uniq_ijyb,
          uniq_sigmund, uniq_jessica

Skill      XL: |  1  2  3 |
---------------+----------+-----
Stealth        | 6 7 8 |  8.0
Throwing       | 2 |  2.0
Fighting       | |  2.0
Short Blades   | |  2.0
Dodging        | |  0.7

Action                   |  1- 3 |  4- 6 || total
-------------------------+-------+-------++-------
Melee: Dagger            |    72 |    11 ||    83
  Use: Scroll            |     5 |     1 ||     6
 Stab: Sleeping          |     9 |       ||     9
Armor: Robe              |    13 |       ||    13
Dodge: Dodged            |    36 |     4 ||    40

Table legend: (Time is in decaauts)
 A = Elapsed time spent in this place.
 B = Non-inter-level travel time spent in this place.
 C = Inter-level travel time spent in this place.
 D = Time resting spent in this place.
 E = Time spent auto-exploring this place.
 F = Levels seen in this place.
 G = Mean time per level.
                   A        B        C        D        E       F      G
               +--------+--------+--------+--------+--------+-----+--------+
         Total |   1701 |   1670 |     31 |    341 |   1049 |   3 |  567.0 |
       Dungeon |   1701 |   1670 |     31 |    341 |   1049 |   3 |  567.0 |
               +--------+--------+--------+--------+--------+-----+--------+

Top non-repeatable levels by time:
     D:2: 1390 daAuts
     D:3: 280 daAuts
     D:1: 31 daAuts
